AoeStats
← vtuläski

MegaRandom

509148545Analyzed
2v2 RM · 7d ago on Sep 25, 2026· 58m 50s· 4 players
Game mode
Random Map
Map size
Medium (4 player)
Population
200
Speed
Normal
Resources
Standard
Victory
Conquest
Starting age
Dark Age
Ending age
Imperial Age
RankedLock teamsTeams togetherTeam positionsShared explorationLock speedFull tech treeHidden civsTurbo modeCheats
Victory
Defeat
🇫🇮 Turks · Finland
597
+11
🇫🇮 Aztecs · Finland
526
+14
🇹🇷 Portuguese · Türkiye
543
-15
🇫🇷 Persians · France
412
-10
hugo.halle1
0:37 Loom
Heoxa
13:01 Feudal Age
15:06 Bloodlines
18:42 Scale Barding Armor
48:06 Double-Bit Axe
vtuläski
17:14 Feudal Age
19:17 Double-Bit Axe
19:27 Stone Mining
19:30 Gold Mining
20:31 Wheelbarrow
20:32 Horse Collar
20:38 Fishing Lines
25:44 Town Watch
38:40 Castle Age
38:52 Padded Archer Armor
38:42 Fletching
40:55 Elite Skirmisher
40:57 Crossbowman
43:02 Bow Saw
43:55 Stone Shaft Mining
47:40 Hand Cart
47:29 Heavy Plow
48:11 Gold Shaft Mining
48:01 Leather Archer Armor
47:41 Bodkin Arrow
53:40 Guard Tower
54:00 Fortified Wall
53:43 Heated Shot
54:14 Ballistics
54:52 Gillnets
58:57 Imperial Age
Simpauttaja
9:41 Loom
11:47 Feudal Age
13:10 Double-Bit Axe
14:52 Wheelbarrow
15:10 Horse Collar
21:34 Castle Age
21:07 Bloodlines
21:48 Scale Barding Armor
21:54 Forging
29:55 Chain Barding Armor
30:12 Iron Casting
33:08 Padded Archer Armor
34:36 Ballistics
37:06 Bow Saw
39:07 Hand Cart
43:21 Imperial Age
43:33 Sanctity
43:27 Fervor
43:28 Gold Mining
43:29 Stone Mining
44:33 Bombard Tower
43:59 Treadmill Crane
48:35 Devotion
49:02 Atonement
49:14 Redemption
50:01 Theocracy
51:18 Faith
51:41 Heresy
54:00 Arson
54:16 Squires
55:07 Leather Archer Armor
55:53 Blast Furnace
55:29 Plate Barding Armor
Connection lost

Rejoining the realm…

Still unreachable

The connection could not be restored.

Session expired

The server has moved on; the page needs a fresh start.